 Dungeon Crawl Stone Soup version 0.15-a0-1854-g6489380 (webtiles) character file.

375 Moloch the Slasher (level 7, -5/50 HPs)
             Began as a Human Death Knight on July 3, 2014.
             Was a Believer of Yredelemnul.
             Slain by an orange rat (6 damage)
             ... on Level 5 of the Dungeon.
             The game lasted 00:34:15 (4071 turns).

Moloch the Slasher (Human Death Knight)             Turns: 4071, Time: 00:34:15

HP  -5/50        AC 13     Str 13      XL: 7   Next:  3%
MP   6/11        EV  2     Int 13      God: Yredelemnul [**....]
Gold 273         SH  0     Dex 13      Spells:  0 memorised,  6 levels left

rFire  . . .     SeeInvis .     a - +1 falchion
rCold  . . .     Clarity  .     n - +3 plate armour
rNeg   . . .     rCorr    .     (no shield)
rPois  +         rRot     .     (no helmet)
rElec  .         Spirit   .     (no cloak)
SustAb .         Warding  .     (no gloves)
rMut   .         Stasis   .     (no boots)
Gourm  .                        (no amulet)
MR     .....                    (no ring)
                                j - ring of poison resistance

@: drained, not resistant to hostile enchantments, extremely unstealthy
A: no striking features
a: Animate Remains, Recall Undead Slaves, Injury Mirror, Renounce Religion


You were on level 5 of the Dungeon.
You worshipped Yredelemnul.
Yredelemnul was pleased with you.
You were not hungry.

You visited 1 branch of the dungeon, and saw 5 of its levels.

You collected 273 gold pieces.

Inventory:

Hand weapons
 a - a +1 falchion (weapon)
 r - a +0 blowgun
Missiles
 m - 23 arrows
 p - 16 poisoned needles
Armour
 n - a +3 plate armour (worn)
Comestibles
 k - a bread ration
 o - 2 meat rations
Scrolls
 c - 3 scrolls of blinking
 h - 3 scrolls of teleportation
 s - 2 scrolls of remove curse
 u - 2 scrolls of identify
Jewellery
 j - a ring of poison resistance (left hand)
Potions
 b - a potion of heal wounds {unknown}
 d - 2 potions of curing
 e - a potion of magic {unknown}
 f - 2 potions of agility {unknown}
 g - 2 potions of haste {unknown}
 i - a potion of might {unknown}
 l - 2 potions of restore abilities {unknown}
 q - a potion of cure mutation {unknown}
 t - a potion of poison {unknown}


   Skills:
 - Level 2.0(1.3) Fighting
 + Level 6.7(6.0) Long Blades
 - Level 1.1(0.4) Armour
 - Level 1.3(0.6) Dodging
 - Level 3.2(2.5) Invocations


You had 6 spell levels left.
You didn't know any spells.

Dungeon Overview and Level Annotations

Branches:
Dungeon (5/15)
 Temple: D:4-7

Altars:
Ashenzari
Xom


Message History

You hit the rat.
You kill the rat!
Yredelemnul accepts your kill.
Your plate armour prevents you from hitting the orange rat.
The orange rat is moderately wounded.
The orange rat bites you but does no damage.
You slash the orange rat!
The orange rat is severely wounded.
The orange rat barely misses you.
You closely miss the orange rat.
The orange rat is severely wounded.
The orange rat bites you. The orange rat bites you!
* * * LOW HITPOINT WARNING * * *
You feel drained.
Drink which item? (? for menu, Esc to quit)
You feel better. The orange rat bites you!
* * * LOW HITPOINT WARNING * * *
You feel drained.
You die...
Your body rises from the dead as a mindless zombie.

#.# . #.# ##. #.# #
#.. .) #.#####
.#.###...
#...#.#######?##..#
#<##.#..##...r..#
########..###r..#
#####rrr#.#
#.@###.## #.## #.#
## .# ( #


You could see an orange rat, 3 green rats and a rat.

Vanquished Creatures
  An ice beast (D:4)
  An ogre (D:4)
  A worker ant (D:4)
  2 green rats (D:5)
  3 adders
  A worm zombie (D:2)
  3 gnolls (D:3)
  2 giant mites
  An adder skeleton (D:2)
  2 giant geckos
  An ooze (D:4)
  6 orcs
  5 bats
  A giant cockroach (D:3)
  9 goblins
  10 hobgoblins
  3 jackals
  5 quokkas
  4 ball pythons
  4 giant newts
  A hobgoblin skeleton (D:4)
  A hobgoblin zombie (D:4)
  A jackal zombie (D:2)
  13 kobolds
  An orc skeleton (D:2)
  10 rats
  A rat skeleton (D:2)
93 creatures vanquished.

Vanquished Creatures (collateral kills)
  A centaur skeleton (D:4)
  An adder (D:3)
  A giant mite (D:4)
  A bat (D:1)
  A bat zombie (D:2)
  A giant cockroach (D:1)
  2 goblins
  2 jackals
  4 giant newts
  5 kobolds
  9 rats
  A rat zombie (D:2)
29 creatures vanquished.

Vanquished Creatures (others)
  An adder zombie (D:2)
  A giant mite zombie (D:1)
  A ball python zombie (D:1)
  A giant newt zombie (D:1)
  2 goblin zombies
  A green rat zombie (D:5)
  2 hobgoblin zombies (D:1)
  A jackal zombie (D:1)
  4 kobold zombies
  An orc zombie (D:4)
  3 rat zombies
18 creatures vanquished.

Grand Total: 140 creatures vanquished

Notes
Turn   | Place    | Note
--------------------------------------------------------------
     0 | D:1      | Moloch, the Human Death Knight, began the quest for the Orb.
     0 | D:1      | Reached XP level 1. HP: 16/16 MP: 2/2
   116 | D:1      | Reached XP level 2. HP: 13/22 MP: 3/3
   344 | D:1      | Reached XP level 3. HP: 27/27 MP: 5/5
   928 | D:2      | Reached XP level 4. HP: 33/33 MP: 3/6
  1065 | D:2      | Reached skill level 4 in Long Blades
  1248 | D:2      | Acquired Yredelemnul's second power
  1716 | D:3      | Found a shattered altar of Ashenzari.
  1769 | D:3      | Reached XP level 5. HP: 36/38 MP: 6/8
  2198 | D:3      | Found a shimmering altar of Xom.
  2198 | D:3      | Found a shimmering altar of Xom.
  2200 | D:3      | Found a shimmering altar of Xom.
  2200 | D:3      | Found a shimmering altar of Xom.
  2392 | D:3      | Reached skill level 5 in Long Blades
  3108 | D:4      | Noticed an ogre
  3130 | D:4      | Killed an ogre
  3130 | D:4      | Reached XP level 6. HP: 17/44 MP: 9/9
  3341 | D:4      | Reached skill level 6 in Long Blades
  3772 | D:4      | Noticed an ice beast
  3796 | D:4      | Killed an ice beast
  3993 | D:5      | Entered Level 5 of the Dungeon
  4039 | D:5      | Reached XP level 7. HP: 19/50 MP: 11/11
  4071 | D:5      | HP: 1/50 [orange rat (13)]
  4071 | D:5      | Slain by an orange rat

Action                   |  1- 3 |  4- 6 |  7- 9 || total
-------------------------+-------+-------+-------++-------
Melee: Falchion          |    71 |   296 |    11 ||   378
 Fire: Blowgun           |       |     1 |       ||     1
Invok: Animate Remains   |    15 |    20 |     4 ||    39
  Use: Potion            |     1 |       |     2 ||     3
       Scroll            |       |    11 |       ||    11
 Stab: Distracted        |     1 |     3 |       ||     4
